 Dungeon Crawl Stone Soup version 0.15-a0-193-gf781f13 (webtiles) character file.

311131 PolkaDot the Maledictor (level 20, -1/147 HPs)
             Began as a Vampire Enchanter on Apr 22, 2014.
             Was the Champion of Ashenzari.
             Succumbed to a manticore's barbed spikes
             ... on Level 5 of the Vaults.
             The game lasted 07:23:26 (53087 turns).

PolkaDot the Maledictor (Vampire Enchanter)        Turns: 53087, Time: 07:23:27

HP  -1/147       AC 24     Str  8      XL: 20   Next: 68%
MP  13/37        EV 27     Int 17      God: Ashenzari [******]
Gold 3100        SH 17     Dex 22      Spells: 11 memorised,  3 levels left

rFire  . . .     SeeInvis +     b - +5,+4 cutlass (elec) (curse)
rCold  + + .     Clarity  +     E - +5 steam dragon armour (curse)
rNeg   + + +     Conserve +     l - +2 buckler {AC+3} (curse)
rPois  +         rCorr    .     v - +2 helmet (curse)
rElec  +         rRot     +     A - +2 cloak (curse)
SustAb . .       Spirit   .     d - +1 pair of gloves (curse)
rMut   .         Warding  .     (no boots)
Saprov . . .     Stasis   .     k - cursed amulet "Pniun" {Cons +Fly rN+}
MR     ++...                    f - cursed ring of Sunlight {rN+ Dex+3 Acc+6}
                                g - cursed ring of Doiptuor {rElec rPois SInv}

@: regenerating slowly, very slightly contaminated, very resistant to hostile
enchantments, uncannily stealthy
A: bottle blood, fangs 3, see invisible, unbreathing
a: Bat Form, Bottle Blood, Scrying, Transfer Knowledge, Renounce Religion, Evoke
Flight
}: 1/15 runes: decaying


You were on level 5 of the Vaults.
You worshipped Ashenzari.
Ashenzari was exalted by your worship.
You were near bloodless.

You visited 7 branches of the dungeon, and saw 41 of its levels.
You visited the Abyss 1 time.
You also visited: Labyrinth, Sewer, Bailey and Volcano.

You collected 4470 gold pieces.
You spent 1370 gold pieces at shops.

Inventory:

Hand weapons
 b - a cursed +5,+4 cutlass of electrocution (weapon)
Armour
 d - a cursed +1 pair of gloves (worn)
 l - a cursed +2 buckler of protection (worn)
 v - a cursed +2 helmet (worn)
 A - a cursed +2 cloak (worn)
 E - a cursed +5 steam dragon armour (worn)
Magical devices
 e - a wand of disintegration (3)
 p - a wand of paralysis (12)
Scrolls
 h - 2 scrolls of magic mapping
 i - 6 scrolls of identify
 m - 2 scrolls of remove curse
 u - a scroll of summoning
 y - 4 scrolls of teleportation
 J - 5 scrolls of fear
Jewellery
 f - the cursed ring of Sunlight (right hand) {rN+ Dex+3 Acc+6}
   (You found it on level 8 of the Lair of Beasts)

   [ring of positive energy]

   It affects your dexterity (+3).
   It affects your accuracy with ranged weapons and melee attacks (+6).
   It protects you from negative energy.
   It has a curse placed upon it.
 g - the cursed ring of Doiptuor (left hand) {rElec rPois SInv}
   (You found it on level 13 of the Dungeon)

   [ring of poison resistance]

   It insulates you from electricity.
   It protects you from poison.
   It enhances your eyesight.
   It has a curse placed upon it.
 k - the cursed amulet "Pniun" (around neck) {Cons +Fly rN+}
   (You bought it in a shop on level 4 of the Orcish Mines)

   [amulet of conservation]

   It protects your inventory from destruction.
   It protects you from negative energy.
   It lets you fly.
   It has a curse placed upon it.
Potions
 a - 3 potions of heal wounds
 j - 2 potions of flight
 n - a potion of lignification
 o - 3 potions of resistance
 r - 4 potions of curing
 t - a potion of restore abilities
 x - a potion of haste
 z - 2 potions of brilliance
 B - 2 potions of magic
Books
 q - Jiafio's Handbook of Companions and Feathers
   (You found it on level 2 of the Vaults)

   Spells                             Type                      Level
   Summon Butterflies                 Summoning                    1
   Call Imp                           Summoning                    2
   *Flight                            Charms/Air                   3
   Airstrike                          Air                          4
   Silence                            Hexes/Air                    5
   Shadow Creatures                   Summoning                    5
 C - a book of Dreams

   Spells                             Type                      Level
   *Ensorcelled Hibernation           Hexes/Ice                    2
   *Flight                            Charms/Air                   3
   Phase Shift                        Translocation                5
   Shadow Creatures                   Summoning                    5
   Mass Confusion                     Hexes                        6
   *Darkness                          Hexes                        7
 G - a book of Wizardry

   Spells                             Type                      Level
   Summon Elemental                   Summoning                    4
   Agony                              Necromancy                   5
   Force Lance                        Conjuration                  5
   *Haste                             Charms                       6
   *Invisibility                      Hexes                        6
   Spellforged Servitor               Conjuration/Summoning        7
 H - a book of Beasts

   Spells                             Type                      Level
   Summon Butterflies                 Summoning                    1
   Call Canine Familiar               Summoning                    3
   Summon Ice Beast                   Ice/Summoning                4
   Summon Mana Viper                  Hexes/Summoning              5
   Monstrous Menagerie                Summoning                    6
   Summon Hydra                       Summoning                    7
 I - a book of Minor Magic

   Spells                             Type                      Level
   Magic Dart                         Conjuration                  1
   *Blink                             Translocation                2
   Call Imp                           Summoning                    2
   Repel Missiles                     Charms/Air                   2
   Slow                               Hexes                        2
   Conjure Flame                      Conjuration/Fire             3
   Mephitic Cloud                     Conjuration/Poison/Air       3
 M - a book of the Dragon

   Spells                             Type                      Level
   *Flight                            Charms/Air                   3
   Cause Fear                         Hexes                        4
   Bolt of Fire                       Conjuration/Fire             6
   Dragon Form                        Transmutation                7
   Dragon's Call                      Summoning                    9
Miscellaneous
 s - an ornate deck of defence {the Helm}
 F - a legendary deck of war {Swap}


   Skills:
 - Level 10.1 Fighting
 - Level 10.2(14.4) Short Blades
 - Level 0.7 Throwing
 - Level 8.9 Armour
 - Level 12.1(14.7) Dodging
 - Level 25.3(27) Stealth
 - Level 6.7(9.8) Shields
 * Level 11.5 Spellcasting
 - Level 25.6(27) Hexes
 - Level 10.8(15.0) Charms
 - Level 6.0(10.5) Ice Magic


You had 3 spell levels left.
You knew the following spells:

 Your Spells              Type           Power        Failure   Level  Hunger
a - Corona                Hex            #######      0%          1    None
b - Sure Blade            Hex/Chrm       ######....   0%          2    None
c - Confuse               Hex            #######.     0%          3    None
d - Ensorcelled Hibernat  Hex/Ice        ######       0%          2    None
e - Enslavement           Hex            #######.     0%          4    ##.....
h - Haste                 Chrm           ######..     2%          6    ######.
i - Invisibility          Hex            #######.     1%          6    ######.
q - Blink                 Tloc           N/A          10%         2    None
s - Dazzling Spray        Conj/Hex       ######..     1%          3    None
D - Darkness              Hex            #######...   1%          7    #######
F - Flight                Chrm/Air       #####.....   1%          3    None


Dungeon Overview and Level Annotations

Branches:
Dungeon (15/15)            Temple (1/1) D:4             Orc (4/4) D:11
    Elf (3/3) Orc:4          Lair (8/8) D:11          Swamp (5/5) Lair:4
 Spider (0/5) Lair:5        Slime (0/6) Lair:8       Vaults (5/5) D:13
  Blade (0/1) Vaults:3      Crypt (0/5) Vaults:2     Depths (0/5) D:15

Altars:
Ashenzari
Cheibriados
Dithmenos
Elyvilon
Fedhas
Kikubaaqudgha
Makhleb
Nemelex Xobeh
Okawaru
Sif Muna
Trog
Vehumet
Xom
Yredelemnul
Zin
The Shining One
Beogh

Shops:
D:8 *   D:14 %   Orc:4 =**[(   Vaults:2 *(}=   Vaults:3 ![==

Annotations:
Lair:6 exclusion: ice statue
Swamp:5 Roxanne
Vaults:2 Sojobo


Innate Abilities, Weirdness & Mutations

You heal slowly.
You can bottle blood from corpses.
You have razor-sharp teeth.*
You have supernaturally acute eyesight.
You can survive without breathing.*


Message History

You float gracefully downwards.
The manticore flicks its tail!
The volley of spikes skewers you!
The barbed spikes become lodged in your body.
* * * LOW HITPOINT WARNING * * *
A war gargoyle comes into view.
Ashenzari warns you: It is wielding a great mace of protection.
The helpless ancient lich fails to defend itself.
You skewer the ancient lich like a kebab!!!!!
You destroy the ancient lich!
Casting: Confuse
Confirm with . or Enter, or press ? or * to list all spells.
Aiming: Ensorcelled Hibernation
Press: ? - help, Shift-Dir - straight line, f - manticore
Aim: a manticore The manticore looks drowsy...
* * * LOW MAGIC WARNING * * *
The barbed spikes dig painfully into your body as you move.
* * * LOW HITPOINT WARNING * * *
The barbed spikes dig painfully into your body as you move.
You die...

* * * * ** #.. , ,
,,*,* *, * {,, ,,
...... ,, *,* * , { { ,
..... *, , *,, *
.c######### ....# , ,,
* * * *
,...........##,...# , *
..e.........)#*...#
,*,, ,*, ,
.#..#######.:(##H.# , ,
,,*,* * H#,,
∆∆∆∆∆∆[...#..# , ,,,,*,
* .# ∆∆∆{∆∆)#..#@.#,,*
*,* * e#,,
∆∆∆∆∆∆!#L.#..#,, , ,
*,*
e##∆∆,*######..#..#,,*,
,, , ,
..##∆,{.......^...# , ,
, , *,*
{..##,,......{...## * ,
, , *, ....#
*#####...## ,* , , , ,,
{..e.... ....##,,{,*, ,
*,*, * {....{. ....#*,
{{ ,, *{ ∆ ,* {######
*#####* ,, {{*, ..# *,


You could see a manticore (sleeping).

Vanquished Creatures
  An ancient lich (Vaults:5)
  Saint Roka (Swamp:4)
  Norris (Elf:3)
  Nikola (Swamp:1)
  Asterion (Swamp:4)
  4 deep elf blademasters (Elf:3)
  2 deep elf master archers (Elf:3)
  A sphinx (Vaults:4)
  A tengu reaver (Vaults:5)
  Rupert (D:15)
  A thorn hunter (Swamp:5)
  Frances (Swamp:5)
  Kirke (Swamp:4)
  3 fire giants
  Wiglaf (Swamp:3)
  An orc warlord (Orc:4)
  An azure jelly (Swamp:5)
  4 deep elf sorcerers (Elf:3)
  Louise (Elf:3)
  12 vault wardens
  Jorgrun (Swamp:4)
  3 deep elf demonologists
  9 stone giants
  The ghost of sohrabkorkchi the Severer, a powerful LOFi of Trog (Orc:4)
  Azrael (Elf:3)
  7 deep elf annihilators (Elf:3)
  6 dire elephants (Lair:8)
  3 deep elf death magi (Elf:3)
  Snorg (Swamp:4)
  An ettin (Vaults:3)
  A crystal guardian (Vaults:4)
  A minotaur (Lab)
  7 yaktaur captains
  2 great orbs of eyes
  16 vault guards
  Josephine (Elf:1)
  A jiangshi (Vaults:2)
  21 ironheart preservers
  11 ogre magi
  A rakshasa (Vaults:1)
  Fannar (Orc:2)
  16 hydras
  A deep elf high priest (Elf:3)
  3 ice dragons (Swamp:5)
  A ravenous feature mimic (Lair:8)
  3 shambling mangroves
  An anaconda (Lair:8)
  2 deep troll earth magi
  The ghost of sohrabkorkchi the Cleaver, an experienced LOFi of Trog (Lair:1)
  2 deep troll shamans
  2 tengu warriors
  A spectral elf (Elf:3)
  A titan zombie (Vaults:4)
  6 alligators
  6 orc high priests
  6 death yaks (Lair:8)
  6 centaur warriors
  Urug (Orc:3)
  A shadow wraith (Vaults:4)
  A thrashing horror (Abyss:1)
  A fire crab (Vaults:2)
  7 very ugly things
  5 spriggans
  24 deep elf knights
  3 iron trolls
  11 deep trolls
  2 giant orange brains
  4 swamp dragons
  7 deep elf summoners
  A swamp dragon (shapeshifter) (Vaults:2)
  2 flayed ghosts
  10 harpies
  2 unseen horrors (Vaults:1)
  13 hill giants
  A necromancer (Vaults:4)
  A spriggan druid (Swamp:5)
  Pikel (D:4)
  The ghost of sohrabkorkchi the Chopper, an experienced LOFi (D:6)
  9 ironbrand convokers
  6 orc sorcerers
  Joseph (Orc:2)
  24 orc knights
  3 red wasps
  3 wolf spiders
  7 cyclopes
  A stone giant zombie (Vaults:4)
  7 griffons
  13 deep elf conjurers
  4 manticores
  A manticore (shapeshifter) (D:11)
  A sixfirhy (Elf:2)
  An oklob plant (Orc:4)
  7 black mambas
  2 phantasmal warriors
  8 vault sentinels
  4 elephants (Lair:8)
  A demonic crawler (Elf:3)
  36 yaktaurs
  An efreet (D:14)
  A feature mimic (Elf:1)
  4 tengu conjurers
  20 spiny frogs
  An elf (shapeshifter) (Vaults:1)
  3 kobold demonologists
  18 deep elf priests
  5 fire drakes
  A yaktaur skeleton (Vaults:4)
  A minotaur zombie (Lab)
  7 freezing wraiths
  A komodo dragon (shapeshifter) (Vaults:4)
  7 komodo dragons
  A centaur skeleton (D:11)
  2 polar bears (Lair:6)
  A hydra zombie (D:11)
  6 giant fireflies
  13 trolls
  A blink frog (shapeshifter) (Elf:3)
  6 boggarts
  A slime creature (shapeshifter) (Vaults:2)
  6 bog bodies
  5 giant leeches
  26 two-headed ogres
  20 blink frogs
  A baby alligator (shapeshifter) (Vaults:4)
  A jumping spider (shapeshifter) (Vaults:1)
  8 baby alligators
  15 ravens
  37 slime creatures
  9 boulder beetles
  A frost giant simulacrum (Vaults:2)
  A queen bee (Lair:8)
  A raven (shapeshifter) (Elf:3)
  2 basilisks
  A sphinx simulacrum (Vaults:3)
  A basilisk (shapeshifter) (Vaults:1)
  A flying skull (Vaults:2)
  5 redbacks
  45 ugly things
  A shadow (Lab)
  3 fire elementals (Elf:3)
  2 wyverns
  6 thorn lotuses
  49 yaks
  6 hungry ghosts
  2 sharks
  2 steam dragons
  35 deep elf fighters
  39 deep elf magi
  3 elf skeletons (Elf:1)
  A hill giant skeleton (D:14)
  7 hippogriffs
  2 hogs (Swamp:4)
  3 humans
  7 swamp worm simulacra (Swamp:5)
  16 hydra simulacra (Swamp:5)
  9 wolves
  32 vampire mosquitoes
  A soldier ant (shapeshifter) (Vaults:4)
  A soldier ant (D:13)
  2 necrophages
  8 wargs
  8 porcupines
  3 mottled dragons
  2 hell hounds (Elf:3)
  24 water moccasins
  17 ice beasts
  2 slaves (D:4)
  21 swamp worms
  51 orc warriors
  11 swamp drakes
  3 yellow wasps
  A small abomination (Elf:3)
  5 black bears
  3 sky beasts
  3 phantoms
  55 ogres
  3 giant goldfish
  3 centaurs
  9 crocodiles
  24 giant frogs
  6 giant slugs
  3 big kobolds
  Blork the orc (D:4)
  A silver statue (Vaults:4)
  A gnoll sergeant (D:9)
  A cyclops zombie (D:9)
  13 insubstantial wisps
  A warg zombie (Elf:2)
  54 killer bees
  3 scorpions
  An eye of draining (D:11)
  A troll skeleton (D:10)
  A quasit (D:11)
  10 hounds
  2 electric eels (Lair:2)
  2 goliath beetles
  5 crimson imps
  2 giant frog zombies
  23 orc priests
  6 elf zombies
  A giant frog skeleton (D:11)
  4 big fish
  7 iguanas
  16 jellies
  18 worker ants
  41 orc wizards
  17 sheep
  Jessica (D:2)
  A worker ant zombie (D:6)
  8 gnolls
  27 adders
  24 green rats
  4 shadow imps
  A gnoll skeleton (D:8)
  4 giant mites
  A white imp (Lair:6)
  A worm (shapeshifter) (Vaults:1)
  7 worms
  A swamp drake simulacrum (Swamp:5)
  An ufetubus (D:11)
  An iguana skeleton (D:4)
  5 giant eyeballs
  An orc skeleton (D:4)
  8 orc zombies
  8 giant geckos
  6 oozes
  116 orcs
  16 bats
  2 bat skeletons (D:5)
  7 giant cockroaches
  26 hobgoblins
  25 jackals
  28 kobolds
  7 quokkas
  14 ball pythons
  A giant gecko skeleton (D:5)
  8 giant newts
  A giant spore (D:13)
  27 goblins
  A goblin skeleton (D:4)
  A kobold skeleton (D:5)
  42 rats
  2 rat zombies
  4 ballistomycetes
  A bush (Lair:8)
  4 crawling corpses (Elf:3)
  3 fungi (Lair:8)
  4 plants (Lair:8)
1895 creatures vanquished.

Vanquished Creatures (collateral kills)
  2 deep elf demonologists (Vaults:4)
  An ogre mage (Volcano)
  An ice devil (Orc:4)
  A deep elf summoner (Elf:3)
  A vault sentinel (Vaults:4)
  A yaktaur (Vaults:4)
  A hellwing (Vaults:4)
  2 iron devils (Orc:4)
  A deep elf mage (Vaults:4)
  A deep elf fighter (Vaults:4)
  A neqoxec (Orc:4)
  An elf zombie (Elf:2)
  4 orc warriors
  4 orc priests
  An orc wizard (Orc:4)
  11 orcs
  4 orc zombies (Orc:4)
38 creatures vanquished.

Vanquished Creatures (others)
  2 deep elf master archers (Elf:3)
  2 deep elf knights
  2 yaktaurs (Vaults:5)
  A giant leech (Swamp:5)
  A deep elf mage (Vaults:4)
  3 humans (Swamp:4)
  A neqoxec (Orc:4)
  An insubstantial wisp (Swamp:5)
  A killer bee (D:11)
  A white imp (Orc:4)
  5 orcs
  2 giant spores
  2 orc zombies (Orc:4)
  A ballistomycete (D:11)
  4 fungi
29 creatures vanquished.

Grand Total: 1962 creatures vanquished

Notes
Turn   | Place    | Note
--------------------------------------------------------------
     0 | D:1      | PolkaDot, the Vampire Enchanter, began the quest for the Orb.
     0 | D:1      | Reached XP level 1. HP: 13/13 MP: 3/3
   295 | D:1      | Reached XP level 2. HP: 8/19 MP: 1/4
   324 | D:1      | Learned a level 2 spell: Ensorcelled Hibernation
   913 | D:2      | Reached skill level 5 in Hexes
   942 | D:2      | Reached XP level 3. HP: 13/24 MP: 6/6
   949 | D:2      | Found a glowing golden altar of the Shining One.
   984 | D:2      | Learned a level 3 spell: Confuse
  1329 | D:2      | Reached skill level 1 in Ice Magic
  1440 | D:2      | Noticed Jessica
  1447 | D:2      | Killed Jessica
  1447 | D:2      | Reached XP level 4. HP: 17/30 MP: 2/7
  1624 | D:3      | Found a white marble altar of Elyvilon.
  1889 | D:3      | Reached XP level 5. HP: 35/35 MP: 6/9
  2692 | D:3      | Reached skill level 6 in Hexes
  2809 | D:4      | Found a glowing drain.
  2811 | D:4      | Reached XP level 6. HP: 41/41 MP: 6/10
  2826 | D:4      | Reached skill level 5 in Short Blades
  2840 | Sewer    | Entered a sewer
  2917 | Sewer    | Learned a level 3 spell: Dazzling Spray
  3878 | Sewer    | Reached XP level 7. HP: 37/46 MP: 9/12
  3984 | D:4      | Found a staircase to the Ecumenical Temple.
  3990 | Temple   | Entered the Ecumenical Temple
  4054 | Temple   | Became a worshipper of Ashenzari the Shackled
  4367 | D:4      | Reached skill level 7 in Hexes
  4464 | D:4      | Noticed a yak
  4481 | D:4      | Killed a yak
  4666 | D:4      | Noticed a slave
  4689 | D:4      | Noticed a slave
  4691 | D:4      | Killed a slave
  4697 | D:4      | Noticed a slave
  4698 | D:4      | Killed a slave
  4701 | D:4      | Noticed a slave
  4706 | D:4      | Noticed Pikel
  4722 | D:4      | Killed Pikel
  4722 | D:4      | Reached skill level 8 in Short Blades
  4722 | D:4      | Reached XP level 8. HP: 44/52 MP: 0/13
  4859 | D:4      | Noticed Blork the orc
  4865 | D:4      | Killed Blork the orc
  4870 | D:4      | Noticed an ogre
  4875 | D:4      | Killed an ogre
  5054 | D:5      | Entered Level 5 of the Dungeon
  5231 | D:5      | Reached skill level 5 in Ice Magic
  5456 | D:5      | Reached skill level 9 in Short Blades
  5540 | D:5      | Found a glowing silver altar of Zin.
  5729 | D:6      | Noticed sohrabkorkchi's ghost (experienced LOFi)
  5922 | D:6      | Killed sohrabkorkchi's ghost
  5922 | D:6      | Reached XP level 9. HP: 8/57 MP: 10/14
  6464 | D:7      | Reached skill level 10 in Short Blades
  6563 | D:7      | Reached skill level 1 in Shields
  6563 | D:7      | Reached skill level 10 in Hexes
  6653 | D:7      | Acquired Ashenzari's first power
  6655 | D:7      | Found a radiant altar of Vehumet.
  7202 | D:7      | Reached skill level 5 in Stealth
  7483 | D:8      | Found a flagged portal.
  7571 | Bailey   | Entered a bailey
  7582 | Bailey   | Noticed an orc knight
  7655 | Bailey   | Killed an orc knight
  7655 | Bailey   | Reached XP level 10. HP: 63/63 MP: 4/16
  7761 | Bailey   | Reached skill level 11 in Hexes
  7888 | Bailey   | Noticed an orc knight
  7889 | Bailey   | Acquired Ashenzari's second power
  7889 | Bailey   | Noticed an orc knight
  7902 | Bailey   | Killed an orc knight
  7904 | Bailey   | Killed an orc knight
  7904 | Bailey   | Reached skill level 5 in Shields
  7994 | Bailey   | Noticed an orc knight
  8010 | Bailey   | Killed an orc knight
  8011 | Bailey   | HP: 3/63 [orc warrior/ bolt (16)]
  8288 | D:8      | Identified the +4 chain mail of Jecux {rF++}
  8612 | D:8      | Found Zin's Purification Station.
  8614 | D:8      | Found a glowing silver altar of Zin.
  8673 | D:8      | Acquired Ashenzari's third power
  8907 | D:9      | Reached skill level 12 in Hexes
  8938 | D:9      | Paralysed by a giant eyeball for 2 turns
  8942 | D:9      | Paralysed by a giant eyeball for 3 turns
  9033 | D:9      | Reached skill level 1 in Fighting
  9247 | D:9      | Reached XP level 11. HP: 51/72 MP: 10/17
  9377 | D:9      | Learned a level 4 spell: Enslavement
  9598 | D:9      | Found a shimmering altar of Xom.
  9599 | D:9      | Found a burning altar of Makhleb.
  9694 | D:9      | Found a bloodstained altar of Trog.
 10255 | D:10     | Entered Level 10 of the Dungeon
 10366 | D:10     | Reached skill level 10 in Stealth
 11033 | D:11     | Found a staircase to the Orcish Mines.
 11039 | D:11     | Reached skill level 13 in Hexes
 11072 | D:11     | Found an iron altar of Okawaru.
 11167 | D:11     | Found a staircase to the Lair.
 11193 | D:11     | Reached skill level 5 in Fighting
 11319 | D:11     | HP: 1/79 [seven-headed hydra zombie (12)]
 11802 | D:11     | Noticed a swamp dragon
 11807 | D:11     | a swamp dragon changed into a salamander
 11810 | D:11     | Noticed an eight-headed hydra
 11882 | Lair:1   | Entered Level 1 of the Lair of Beasts
 11967 | Lair:1   | Noticed sohrabkorkchi's ghost (experienced LOFi)
 12230 | Lair:1   | Acquired Ashenzari's fourth power
 13134 | Lair:2   | Noticed an eight-headed hydra
 13844 | Lair:2   | Killed a nine-headed hydra
 13864 | Lair:2   | Reached XP level 12. HP: 87/87 MP: 18/22
 14107 | Lair:3   | Learned a level 6 spell: Invisibility
 14119 | Lair:3   | Found a labyrinth entrance.
 14130 | Lab      | Entered a labyrinth
 14171 | Lab      | Reached skill level 14 in Hexes
 14428 | Lab      | Noticed a minotaur
 14435 | Lab      | Killed a minotaur
 14449 | Lair:3   | Noticed a five-headed hydra
 14461 | Lair:3   | Killed a six-headed hydra
 14461 | Lair:3   | Reached skill level 5 in Spellcasting
 14465 | Lair:3   | Learned a level 2 spell: Sure Blade
 15298 | Lair:1   | Killed sohrabkorkchi's ghost
 15680 | Lair:4   | Reached skill level 15 in Hexes
 15921 | Lair:4   | Found a staircase to the Swamp.
 16338 | Lair:5   | Found a hole to the Spider Nest.
 16511 | Lair:5   | Reached XP level 13. HP: 99/99 MP: 20/25
 16802 | Lair:6   | Found a dark tunnel.
 16813 | Volcano  | Entered a volcano
 16831 | Volcano  | Found a bloodstained altar of Trog.
 17002 | Volcano  | HP: 1/101 [cloud of flame (22)]
 18481 | Lair:7   | Reached skill level 16 in Hexes
 18843 | Lair:7   | Reached skill level 10 in Fighting
 19128 | Lair:8   | Entered Level 8 of the Lair of Beasts
 19132 | Lair:8   | Found a staircase to the Slime Pits.
 19413 | Lair:8   | Reached skill level 15 in Stealth
 19423 | Lair:8   | Reached skill level 5 in Dodging
 19999 | Lair:8   | Identified the ring of Sunlight {rN+ Dex+3 Acc+6}
 20021 | Lair:8   | Reached XP level 14. HP: 110/110 MP: 26/26
 20125 | Lair:8   | Noticed a dire elephant
 20125 | Lair:8   | Noticed a dire elephant
 20138 | Lair:8   | Killed a dire elephant
 20169 | Lair:8   | Noticed a dire elephant
 20189 | Lair:8   | Killed a dire elephant
 20208 | Lair:8   | Killed a dire elephant
 20208 | Lair:8   | Reached skill level 17 in Hexes
 20257 | Lair:8   | Noticed a dire elephant
 20284 | Lair:8   | Killed a dire elephant
 20313 | Lair:8   | Noticed a dire elephant
 20338 | Lair:8   | Killed a dire elephant
 21068 | Lair:8   | Noticed a dire elephant
 21091 | Lair:8   | Killed a dire elephant
 21947 | D:11     | Killed a four-headed hydra
 22090 | D:11     | Noticed a hill giant
 22105 | D:11     | Killed a hill giant
 22261 | D:11     | Noticed a centaur warrior
 22272 | D:11     | Killed a centaur warrior
 23308 | D:13     | Identified the ring of Doiptuor {rElec rPois SInv}
 23559 | D:13     | Found a gate to the Vaults.
 23568 | D:13     | Reached skill level 10 in Dodging
 23646 | D:13     | Reached skill level 18 in Hexes
 24334 | D:13     | Identified the +3 robe "Ocuidu" {Int+4}
 24574 | D:14     | Found Fohyf's Food Emporium.
 24578 | D:14     | Reached XP level 15. HP: 115/115 MP: 22/27
 24731 | D:14     | Reached skill level 1 in Charms
 25977 | D:15     | Entered Level 15 of the Dungeon
 26382 | D:15     | Noticed Rupert
 26403 | D:15     | Killed Rupert
 26575 | D:15     | Found a staircase to the Depths.
 26577 | D:15     | Reached skill level 5 in Charms
 27166 | Swamp:1  | Entered Level 1 of the Swamp
 27213 | Swamp:1  | Noticed Nikola
 27231 | Swamp:1  | Killed Nikola
 27487 | Swamp:1  | Reached skill level 19 in Hexes
 28859 | Swamp:3  | Noticed Wiglaf
 28962 | Swamp:3  | Killed Wiglaf
 29002 | Swamp:3  | Reached XP level 16. HP: 119/119 MP: 29/29
 29010 | Swamp:3  | Learned a level 6 spell: Haste
 29788 | Swamp:3  | Reached skill level 10 in Charms
 30098 | Swamp:4  | Noticed Jorgrun
 30191 | Swamp:4  | Killed Jorgrun
 30225 | Swamp:4  | Noticed Kirke
 30239 | Swamp:4  | Killed Kirke
 30259 | Swamp:4  | Noticed Snorg
 30405 | Swamp:4  | Killed Snorg
 30560 | Swamp:4  | Noticed Saint Roka
 30625 | Swamp:4  | Noticed Asterion
 30654 | Swamp:5  | Entered Level 5 of the Swamp
 30801 | Swamp:5  | Noticed Roxanne
 30976 | Swamp:5  | Noticed Frances
 31188 | Swamp:5  | Killed Frances
 31188 | Swamp:5  | Reached skill level 20 in Hexes
 33433 | Swamp:5  | Got a decaying rune of Zot
 33483 | Swamp:5  | Reached skill level 1 in Armour
 33702 | Swamp:4  | HP: 2/122 [Saint Roka/ poisoned bolt (25)]
 34509 | Swamp:4  | Killed Asterion
 34897 | Swamp:4  | Killed Saint Roka
 35275 | Orc:1    | Entered Level 1 of the Orcish Mines
 35633 | Orc:2    | Noticed Joseph
 35641 | Orc:2    | Killed Joseph
 35641 | Orc:2    | Reached XP level 17. HP: 128/128 MP: 24/29
 35700 | Orc:2    | Noticed Fannar
 35717 | Orc:2    | Killed Fannar
 35806 | Orc:2    | Found a roughly hewn altar of Beogh.
 35925 | Orc:3    | Noticed Urug
 35934 | Orc:3    | Killed Urug
 36090 | Orc:4    | Entered Level 4 of the Orcish Mines
 36111 | Orc:4    | Noticed sohrabkorkchi's ghost (powerful LOFi)
 36120 | Orc:4    | Killed sohrabkorkchi's ghost
 36123 | Orc:4    | Found Prir's Assorted Antiques.
 36523 | Orc:4    | Found a staircase to the Elven Halls.
 36849 | Orc:4    | Found an iron altar of Okawaru.
 37101 | Orc:4    | Paralysed by an orc sorcerer for 6 turns
 37254 | Orc:4    | Found Klusevvy's General Store.
 37256 | Orc:4    | Found Qosul's Jewellery Shop.
 37259 | Orc:4    | Found Odaunnil's Antique Armour Shop.
 37259 | Orc:4    | Found Klingiaf's Antique Weapon Boutique.
 37384 | Orc:4    | Bought the amulet "Pniun" {Cons +Fly rN+} for 606 gold pieces
 37394 | Orc:4    | Bought a shiny buckler for 117 gold pieces
 37394 | Orc:4    | Bought an ominously black robe for 148 gold pieces
 37394 | Orc:4    | Identified the cursed -1 robe "Gasiv" {rC+} (You bought it in a shop on level 4 of the Orcish Mines)
 37610 | Elf:1    | Entered Level 1 of the Elven Halls
 37897 | Elf:1    | Reached skill level 21 in Hexes
 38065 | Elf:1    | Reached skill level 5 in Armour
 38070 | Elf:1    | Noticed Josephine
 38078 | Elf:1    | Killed Josephine
 38887 | Elf:2    | Identified the +10 plate armour of Fig Deekk {+Blink Acc+4}
 39602 | Elf:3    | Entered Level 3 of the Elven Halls
 39773 | Elf:3    | Noticed Norris
 39777 | Elf:3    | Killed Norris
 39920 | Elf:3    | Noticed Louise
 39934 | Elf:3    | Killed Louise
 40808 | Elf:3    | Noticed Azrael
 40817 | Elf:3    | Killed Azrael
 40920 | Elf:3    | Cast into the Abyss (deep elf demonologist)
 41107 | Elf:3    | Escaped the Abyss
 41200 | Elf:3    | Reached XP level 18. HP: 134/134 MP: 6/30
 41529 | Elf:3    | Noticed a Brimstone Fiend
 41543 | Elf:3    | Reached skill level 22 in Hexes
 42004 | Elf:3    | Identified the ring "Zussaps" {-Cast rF+ SInv} (You took it off a deep elf priest on level 3 of the Elven Halls)
 42062 | Elf:3    | Identified the ring of Phoclish {Fire Dam+5}
 42421 | Vaults:1 | Entered Level 1 of the Vaults
 44625 | Vaults:1 | Learned a level 3 spell: Flight
 46233 | Vaults:2 | Reached XP level 19. HP: 140/140 MP: 29/35
 46437 | Vaults:2 | Noticed Sojobo
 46465 | Vaults:2 | HP: 7/140 [air elemental[Sojobo] (7)]
 46467 | Vaults:2 | Found Duluirchi's Jewellery Shoppe.
 46467 | Vaults:2 | Found Puthad's Gadget Shoppe.
 46946 | Vaults:2 | Reached skill level 10 in Spellcasting
 47273 | Vaults:2 | Reached skill level 23 in Hexes
 47289 | Vaults:2 | Learned a level 7 spell: Darkness
 47480 | Vaults:2 | Identified Jiafio's Handbook of Companions and Feathers
 47497 | Vaults:2 | Found a staircase to the Crypt.
 47586 | Vaults:2 | Found Ilawnih's Weapon Shoppe.
 47652 | Vaults:2 | Found Ocenitih's Assorted Antiques.
 47666 | Vaults:2 | Bought a scroll of enchant armour for 277 gold pieces
 47666 | Vaults:2 | Bought a sharpened bone wand for 148 gold pieces
 47666 | Vaults:2 | Bought a scroll of identify for 74 gold pieces
 48033 | Vaults:3 | Learned a level 2 spell: Blink
 48654 | Vaults:3 | Paralysed by an ogre mage for 6 turns
 49000 | Vaults:3 | Found Waasyoc's Jewellery Shoppe.
 49316 | Vaults:3 | Found Coydo's Jewellery Emporium.
 49616 | Vaults:3 | Found Khiezir's Distillery.
 49646 | Vaults:3 | Found Vuohaita's Armour Shop.
 49649 | Vaults:3 | Identified the ring "Twaidgh" {rPois rC+ Dex+1 Dam-2}
 49828 | Vaults:3 | Reached skill level 24 in Hexes
 49843 | Vaults:3 | Found a staircase to the Hall of Blades.
 50289 | Vaults:4 | Identified the +8,+2 halberd of Valour {freeze, rElec rN+}
 50494 | Vaults:4 | Paralysed by a great orb of eyes for 3 turns
 50727 | Vaults:4 | Reached XP level 20. HP: 147/147 MP: 33/37
 51492 | Vaults:4 | Reached skill level 25 in Hexes
 51765 | Vaults:4 | Identified a scroll of acquirement
 51767 | Vaults:4 | Identified the cursed +1 helmet "Puapepag" {Str-1} (You acquired it on level 4 of the Vaults)
 52214 | Vaults:4 | Identified the +7 chain mail of Mnaicugh {Int-1 Acc+6}
 53002 | Vaults:5 | Entered Level 5 of the Vaults
 53064 | Vaults:5 | HP: 4/147 [battlesphere[a tengu reaver] (19)]
 53074 | Vaults:5 | Noticed an ancient lich
 53082 | Vaults:5 | Noticed an ancient lich
 53084 | Vaults:5 | Killed an ancient lich
 53086 | Vaults:5 | HP: 5/147 [barbs]
 53087 | Vaults:5 | Succumbed to a manticore's barbed spikes

Action                   |  1- 3 |  4- 6 |  7- 9 | 10-12 | 13-15 | 16-18 | 19-21 || total
-------------------------+-------+-------+-------+-------+-------+-------+-------++-------
Melee: Dagger            |   105 |   164 |   340 |   310 |       |       |       ||   919
       Cutlass           |       |       |       |   250 |  1050 |  1310 |   874 ||  3484
 Cast: Corona            |     2 |       |     1 |     1 |     3 |    22 |       ||    29
       Ensorcelled Hiber |    15 |    80 |   106 |   163 |   178 |   140 |    22 ||   704
       Confuse           |       |       |    19 |    20 |    16 |    34 |    53 ||   142
       Dazzling Spray    |       |       |     4 |    26 |    63 |   147 |    60 ||   300
       Invisibility      |       |       |       |     6 |    28 |    52 |    14 ||   100
       Sure Blade        |       |       |       |     1 |    25 |    84 |    41 ||   151
       Enslavement       |       |       |       |       |     7 |    41 |    38 ||    86
       Haste             |       |       |       |       |       |     1 |     3 ||     4
       Flight            |       |       |       |       |       |       |    18 ||    18
       Darkness          |       |       |       |       |       |       |    16 ||    16
Invok: Scrying           |       |       |       |       |       |     1 |       ||     1
 Abil: End Transformatio |       |       |       |     1 |     2 |     3 |       ||     6
       Bat Form          |       |       |       |     1 |     2 |     3 |       ||     6
Evoke: Wand              |       |       |     3 |     1 |     6 |     2 |     2 ||    14
  Use: Potion            |     2 |       |    14 |     8 |     4 |    17 |     4 ||    49
       Scroll            |       |     7 |    17 |    30 |    19 |    15 |    15 ||   103
 Stab: Sleeping          |    11 |    63 |    87 |   200 |   305 |   297 |   105 ||  1068
       Distracted        |       |     1 |     1 |     5 |     6 |     7 |    13 ||    33
       Confused          |       |       |     5 |     4 |    10 |    12 |    23 ||    54
       Invisible         |       |       |     3 |    30 |    93 |   182 |   106 ||   414
       Held in net/web   |       |       |       |     1 |       |       |       ||     1
       Betrayed ally     |       |       |       |       |       |     2 |       ||     2
       Paralysed         |       |       |       |       |       |     1 |     5 ||     6
